PAAA
SALT LAKE CITY BUZZ @ TORTOLITA DRUMMERS
08/04/2019
 
TOP OF THE 1ST
Salt Lake City Buzz batting - Pitching for Tortolita Drummers : RHP Tim Nelson
Pitching: RHP Tim Nelson
Batting: LHB Todd Williams 0-0: Ball
1-0: Called Strike
1-1: Ball
2-1: Swinging Strike
2-2: Fly out, F8 (Flyball, 8RM)
Batting: RHB Roberto Ríos 0-0: Called Strike
0-1: Foul Ball, location: 2F
0-2: SINGLE (Groundball, 4MD) (infield hit)
Batting: RHB Don MacNeilage 0-0: Foul Ball, location: 2F
0-1: Ball
1-1: Swinging Strike
1-2: Ball
2-2: SINGLE (Groundball, 6M)
Roberto Ríos to second
Batting: RHB Ichiyo Fujii 0-0: Ball
1-0: Fly out, F7 (Line Drive, 78D)
Batting: SHB Raymond Bright 0-0: Ball
1-0: Called Strike
1-1: Foul Ball, location: 2F
1-2: Ball
2-2: Ball
3-2: Strikes out swinging
Top of the 1st over - 0 run(s), 2 hit(s), 0 error(s), 2 left on base; Salt Lake City 0 - Tortolita 0
BOTTOM OF THE 1ST
Tortolita Drummers batting - Pitching for Salt Lake City Buzz : LHP Joe Kehoe
Pitching: LHP Joe Kehoe
Batting: RHB Jim Harris 0-0: Called Strike
0-1: Ball
1-1: Swinging Strike
1-2: Ball
2-2: Ball
3-2: Base on Balls
Batting: SHB Dan Godwin 0-0: Swinging Strike
0-1: Ball
1-1: Ball
2-1: Fly out, F8 (Line Drive, 8RM)
Batting: LHB Orlando Trevino 0-0: Foul Ball, location: 2F
0-1: Ball
1-1: Ball
2-1: Swinging Strike
2-2: Foul Ball, location: 2F
2-2: Foul Ball, location: 2F
2-2: Ball
3-2: Foul Ball, location: 2F
3-2: Fly out, F5 (Popup, 5SF)
Batting: RHB Joey Morgan 0-0: Fielders Choice at 2nd, 6-4 (Groundball, 6)
Bottom of the 1st over - 0 run(s), 0 hit(s), 0 error(s), 0 left on base; Salt Lake City 0 - Tortolita 0
TOP OF THE 2ND
Salt Lake City Buzz batting - Pitching for Tortolita Drummers : RHP Tim Nelson
Batting: SHB Shelby Reusch 0-0: Ball
1-0: Ball
2-0: Called Strike
2-1: Called Strike
2-2: Ball
3-2: Base on Balls
Batting: RHB Archie Green 0-0: Swinging Strike
0-1: Swinging Strike
0-2: Grounds into double play, U6-3 (Groundball, 6)
Batting: RHB Patrick Clark 0-0: Called Strike
0-1: Ball
1-1: Called Strike
1-2: Strikes out swinging
Top of the 2nd over - 0 run(s), 0 hit(s), 0 error(s), 0 left on base; Salt Lake City 0 - Tortolita 0
BOTTOM OF THE 2ND
Tortolita Drummers batting - Pitching for Salt Lake City Buzz : LHP Joe Kehoe
Batting: RHB Lonnie Conrad 0-0: Ball
1-0: Ball
2-0: Ball
3-0: Called Strike
3-1: Swinging Strike
3-2: Strikes out looking
Batting: LHB Pat McJannett 0-0: Called Strike
0-1: Swinging Strike
0-2: Ball
1-2: Ground out 4-3 (Groundball, 4)
Batting: RHB Richard Ollivier 0-0: SINGLE (Groundball, 34)
Batting: RHB Hunter Curtis 0-0: 2-RUN HOME RUN (Flyball, 7LD), Distance : 344 ft
Batting: RHB Ray Whittier 0-0: Ball
1-0: Called Strike
1-1: Ball
2-1: Ball
3-1: Ground out 6-3 (Groundball, 6)
Bottom of the 2nd over - 2 run(s), 2 hit(s), 0 error(s), 0 left on base; Salt Lake City 0 - Tortolita 2
TOP OF THE 3RD
Salt Lake City Buzz batting - Pitching for Tortolita Drummers : RHP Tim Nelson
Batting: RHB Larry Brown 0-0: Called Strike
0-1: Foul Ball, location: 2F
0-2: Ball
1-2: Ball
2-2: Ball
3-2: DOUBLE (Line Drive, 78M)
Batting: LHB Todd Williams 0-0: Called Strike
0-1: Ball
1-1: Ground out 4-3 (Groundball, 4)
Larry Brown to third
Batting: RHB Roberto Ríos 0-0: Called Strike
0-1: Ball
1-1: Called Strike
1-2: Strikes out looking
Batting: RHB Don MacNeilage 0-0: Foul Ball, location: 2F
0-1: Ball
1-1: Called Strike
1-2: Ball
2-2: Fly out, F6 (Line Drive, 6M)
Top of the 3rd over - 0 run(s), 1 hit(s), 0 error(s), 1 left on base; Salt Lake City 0 - Tortolita 2
BOTTOM OF THE 3RD
Tortolita Drummers batting - Pitching for Salt Lake City Buzz : LHP Joe Kehoe
Batting: RHB Jim Harris 0-0: DOUBLE (Flyball, 8RXD)
Batting: SHB Dan Godwin 0-0: Called Strike
0-1: Ball
1-1: Swinging Strike
1-2: Strikes out looking
Batting: LHB Orlando Trevino 0-0: Ball
1-0: Ball
2-0: Fly out, F7 (Flyball, 7D)
Runner from 2nd tags up, SAFE at 3rd, no throw
Batting: RHB Joey Morgan 0-0: SINGLE (Line Drive, 56D)
Jim Harris scores
Batting: RHB Lonnie Conrad 0-0: Ball
1-0: Called Strike
1-1: Ground out 6-3 (Groundball, 6)
Bottom of the 3rd over - 1 run(s), 2 hit(s), 0 error(s), 1 left on base; Salt Lake City 0 - Tortolita 3
TOP OF THE 4TH
Salt Lake City Buzz batting - Pitching for Tortolita Drummers : RHP Tim Nelson
Batting: RHB Ichiyo Fujii 0-0: Ball
1-0: Ball
2-0: Ball
3-0: Base on Balls
Batting: SHB Raymond Bright 0-0: Called Strike
0-1: Ball
1-1: Ball
2-1: Foul Ball, location: 2F
2-2: Foul Ball, location: 2F
2-2: Ball
3-2: Fly out, F2 (Popup, 2L)
Batting: SHB Shelby Reusch 0-0: Called Strike
0-1: Foul Ball, location: 2F
0-2: Strikes out swinging
Batting: RHB Archie Green 0-0: Swinging Strike
0-1: Ball
1-1: Called Strike
1-2: Ground out U3 (Groundball, 3S)
Top of the 4th over - 0 run(s), 0 hit(s), 0 error(s), 1 left on base; Salt Lake City 0 - Tortolita 3
BOTTOM OF THE 4TH
Tortolita Drummers batting - Pitching for Salt Lake City Buzz : LHP Joe Kehoe
Batting: LHB Pat McJannett 0-0: Called Strike
0-1: Ball
1-1: Ball
2-1: Foul Ball, location: 2F
2-2: Strikes out swinging
Batting: RHB Richard Ollivier 0-0: Ball
1-0: Ground out 3-1 (Groundball, 34S)
Batting: RHB Hunter Curtis 0-0: Ball
1-0: Ball
2-0: Ball
3-0: Called Strike
3-1: Swinging Strike
3-2: Foul Ball, location: 2F
3-2: Strikes out swinging
Bottom of the 4th over - 0 run(s), 0 hit(s), 0 error(s), 0 left on base; Salt Lake City 0 - Tortolita 3
TOP OF THE 5TH
Salt Lake City Buzz batting - Pitching for Tortolita Drummers : RHP Tim Nelson
Batting: RHB Patrick Clark 0-0: Ball
1-0: DOUBLE (Line Drive, 9LS)
Batting: RHB Larry Brown 0-0: Ball
1-0: Foul Ball, location: 2F
1-1: Ball
2-1: DOUBLE (Line Drive, 5L)
Patrick Clark scores
Batting: LHB Todd Williams 0-0: Foul Ball, location: 2F
0-1: DOUBLE (Line Drive, 9LM)
Larry Brown scores
Batting: RHB Roberto Ríos 0-0: Ball
1-0: Ball
2-0: SINGLE (Groundball, 56D)
Todd Williams to third
Runner from 3rd tries for Home, SAFE, no throw or cutoff
Batting: RHB Don MacNeilage 0-0: Ball
1-0: Foul Ball, location: 2F
1-1: Foul Ball, location: 2F
1-2: Foul Ball, location: 2F
1-2: SINGLE (Line Drive, 8LS)
Roberto Ríos to second
Runner from 2nd tries for 3rd, SAFE, no throw or cutoff
Batting: RHB Ichiyo Fujii 0-0: Ball
1-0: Ball
2-0: SINGLE (Groundball, 4M)
Roberto Ríos scores
Don MacNeilage to second
Runner from 2nd tries for 3rd, SAFE, throw made to third
Ichiyo Fujii to second
Batting: SHB Raymond Bright 0-0: Called Strike
0-1: Ball
1-1: Ball
2-1: Ball
3-1: Base on Balls
Batting: SHB Shelby Reusch 0-0: Foul Ball, location: 2F
0-1: Foul Ball, location: 2F
0-2: Ball
1-2: Foul Ball, location: 2F
1-2: SINGLE (Line Drive, 89S)
Don MacNeilage scores
Ichiyo Fujii to third
Raymond Bright to second
Batting: RHB Archie Green 0-0: Ball
1-0: Called Strike
1-1: Ball
2-1: Foul Ball, location: 2F
2-2: Fly out, F9 (Flyball, 9M)
Runner from 3rd tags up, SCORES, no throw
Pitching: RHP Kevin Gross
Batting: RHB Patrick Clark 0-0: Called Strike
0-1: Ball
1-1: Called Strike
1-2: Strikes out swinging
Batting: RHB Larry Brown 0-0: Called Strike
0-1: Swinging Strike
0-2: SINGLE (Groundball, 15S) (infield hit)
Raymond Bright to third
Shelby Reusch to second
Batting: LHB Todd Williams 0-0: Called Strike
0-1: Called Strike
0-2: Foul Ball, location: 2F
0-2: Ball
1-2: Strikes out swinging
Top of the 5th over - 6 run(s), 8 hit(s), 0 error(s), 3 left on base; Salt Lake City 6 - Tortolita 3
BOTTOM OF THE 5TH
Tortolita Drummers batting - Pitching for Salt Lake City Buzz : LHP Joe Kehoe
Batting: RHB Ray Whittier 0-0: Called Strike
0-1: Called Strike
0-2: SINGLE (Groundball, 56)
Batting: RHB Jim Harris 0-0: Called Strike
0-1: Ball
1-1: Fly out, F7 (Line Drive, 7M)
Batting: SHB Dan Godwin 0-0: Ball
1-0: Ground out 5-3 (Groundball, 56S)
Ray Whittier to second
Batting: LHB Orlando Trevino 0-0: Ball
1-0: Called Strike
1-1: Called Strike
1-2: Fly out, F7 (Flyball, 7LM)
Bottom of the 5th over - 0 run(s), 1 hit(s), 0 error(s), 1 left on base; Salt Lake City 6 - Tortolita 3
TOP OF THE 6TH
Salt Lake City Buzz batting - Pitching for Tortolita Drummers : RHP Kevin Gross
Batting: RHB Roberto Ríos 0-0: Ball
1-0: Foul Ball, location: 2F
1-1: SINGLE (Line Drive, 6D)
Batting: RHB Don MacNeilage 0-0: Called Strike
0-1: Swinging Strike
0-2: Ball
1-2: Strikes out swinging
Batting: RHB Ichiyo Fujii 0-0: Ball
1-0: Ground out 5-3 (Groundball, 5S)
Roberto Ríos to second
Batting: SHB Raymond Bright 0-0: Swinging Strike
0-1: Swinging Strike
0-2: Foul Ball, location: 2F
0-2: Foul Ball, location: 2F
0-2: Ball
1-2: Foul Ball, location: 2F
1-2: Ball
2-2: Foul Ball, location: 2F
2-2: Foul Ball, location: 2F
2-2: Ball
3-2: Foul Ball, location: 2F
3-2: Foul Ball, location: 2F
3-2: Foul Ball, location: 2F
3-2: Fly out, F9 (Line Drive, 9M)
Top of the 6th over - 0 run(s), 1 hit(s), 0 error(s), 1 left on base; Salt Lake City 6 - Tortolita 3
BOTTOM OF THE 6TH
Tortolita Drummers batting - Pitching for Salt Lake City Buzz : LHP Joe Kehoe
Batting: RHB Joey Morgan 0-0: Ball
1-0: Swinging Strike
1-1: Hit by Pitch
Batting: RHB Lonnie Conrad 0-0: Called Strike
0-1: Swinging Strike
0-2: Strikes out looking
Batting: LHB Pat McJannett 0-0: Foul Ball, location: 2F
0-1: Foul Ball, location: 2F
0-2: Ball
1-2: Ball
2-2: DOUBLE (Line Drive, 8RM)
Joey Morgan to third
Batting: RHB Richard Ollivier 0-0: Ball
1-0: Called Strike
1-1: Called Strike
1-2: Strikes out looking
Batting: RHB Hunter Curtis 0-0: Fly out, F5 (Popup, 5S)
Bottom of the 6th over - 0 run(s), 1 hit(s), 0 error(s), 2 left on base; Salt Lake City 6 - Tortolita 3
TOP OF THE 7TH
Salt Lake City Buzz batting - Pitching for Tortolita Drummers : RHP Kevin Gross
Batting: SHB Shelby Reusch 0-0: Called Strike
0-1: SINGLE (Groundball, 6M)
Batting: RHB Archie Green 0-0: Swinging Strike
0-1: Ball
1-1: Ball
2-1: Foul Ball, location: 2F
2-2: Ball
3-2: Base on Balls
Shelby Reusch to second
Batting: RHB Patrick Clark 0-0: SINGLE (Line Drive, 9LS)
Shelby Reusch to third
Archie Green to second
Pinch Hitting: LHB William Hansen 0-0: SINGLE (Line Drive, 6MD)
Shelby Reusch scores
Archie Green to third
Patrick Clark to second
Runner from 3rd tries for Home, SAFE, throw made home
Patrick Clark to third
William Hansen to second
Batting: LHB Todd Williams 0-0: Called Strike
0-1: Ball
1-1: Foul Ball, location: 2F
1-2: Ball
2-2: Foul Ball, location: 2F
2-2: Ball
3-2: Fly out, F5 (Popup, 5SF)
Pitching: LHP Edward Jensen
Batting: RHB Roberto Ríos 0-0: Foul Ball, location: 2F
0-1: Ball
1-1: SINGLE (Groundball, 4M)
Patrick Clark scores
William Hansen to third
Runner from 3rd tries for Home, SAFE, throw made home
Roberto Ríos to second
Batting: RHB Don MacNeilage 0-0: Foul Ball, location: 2F
0-1: Foul Ball, location: 2F
0-2: Ball
1-2: Ground out 6-3 (Groundball, 6)
Roberto Ríos to third
Batting: RHB Ichiyo Fujii 0-0: Swinging Strike
0-1: SINGLE (Line Drive, 89S)
Roberto Ríos scores
Batting: SHB Raymond Bright 0-0: Ball
1-0: Called Strike
1-1: Foul Ball, location: 2F
1-2: Ball
2-2: Foul Ball, location: 2F
2-2: Ball
3-2: Base on Balls
Ichiyo Fujii to second
Batting: SHB Shelby Reusch 0-0: Called Strike
0-1: Ball
1-1: Ball
2-1: Foul Ball, location: 2F
2-2: Foul Ball, location: 2F
2-2: Ball
3-2: DOUBLE (Line Drive, 7LS)
Ichiyo Fujii scores
Raymond Bright to third
Raymond Bright scores
Pitching: LHP Jud Riggs
Batting: RHB Archie Green 0-0: Ball
1-0: Foul Ball, location: 2F
1-1: Ball
2-1: Called Strike
2-2: Ground out 6-3 (Groundball, 6)
Top of the 7th over - 7 run(s), 6 hit(s), 0 error(s), 1 left on base; Salt Lake City 13 - Tortolita 3
BOTTOM OF THE 7TH
Tortolita Drummers batting - Pitching for Salt Lake City Buzz : LHP Joe Kehoe
Now at 1B: William Hansen
Now at SS: Ugo Brandini
Batting: RHB Ray Whittier 0-0: Called Strike
0-1: Foul Ball, location: 2F
0-2: Ball
1-2: Ground out 1-3 (Groundball, 23)
Batting: RHB Jim Harris 0-0: Ball
1-0: Ball
2-0: Fly out, F7 (Flyball, 7M)
Batting: SHB Dan Godwin 0-0: Ball
1-0: Called Strike
1-1: Ball
2-1: Called Strike
2-2: Ground out U3 (Groundball, 3S)
Bottom of the 7th over - 0 run(s), 0 hit(s), 0 error(s), 0 left on base; Salt Lake City 13 - Tortolita 3
TOP OF THE 8TH
Salt Lake City Buzz batting - Pitching for Tortolita Drummers : LHP Jud Riggs
Batting: RHB Patrick Clark 0-0: Ball
1-0: Foul Ball, location: 2F
1-1: Ball
2-1: Swinging Strike
2-2: Strikes out swinging
Batting: LHB William Hansen 0-0: Ball
1-0: Ground out 1-3 (Groundball, 15S)
Batting: LHB Todd Williams 0-0: Ball
1-0: Ball
2-0: SINGLE (Flyball, 6MD)
Batting: RHB Roberto Ríos 0-0: Ball
1-0: Called Strike
1-1: Ball
2-1: Foul Ball, location: 2F
2-2: Ball
3-2: Strikes out swinging
Top of the 8th over - 0 run(s), 1 hit(s), 0 error(s), 1 left on base; Salt Lake City 13 - Tortolita 3
BOTTOM OF THE 8TH
Tortolita Drummers batting - Pitching for Salt Lake City Buzz : LHP Joe Kehoe
Pitching: RHP Javier Díaz
Batting: LHB Orlando Trevino 0-0: Ball
1-0: Ground out 5-3 (Groundball, 56S)
Batting: RHB Joey Morgan 0-0: Called Strike
0-1: Swinging Strike
0-2: Ball
1-2: Ball
2-2: Strikes out looking
Batting: RHB Lonnie Conrad 0-0: Fly out, F9 (Flyball, 89M)
Bottom of the 8th over - 0 run(s), 0 hit(s), 0 error(s), 0 left on base; Salt Lake City 13 - Tortolita 3
TOP OF THE 9TH
Salt Lake City Buzz batting - Pitching for Tortolita Drummers : LHP Jud Riggs
Batting: RHB Don MacNeilage 0-0: Called Strike
0-1: Ball
1-1: Ball
2-1: SINGLE (Groundball, 34D)
Batting: RHB Ichiyo Fujii 0-0: Called Strike
0-1: Ball
1-1: Foul Ball, location: 2F
1-2: Ball
2-2: Strikes out swinging
Batting: SHB Raymond Bright 0-0: Ball
1-0: Swinging Strike
1-1: Swinging Strike
1-2: Strikes out swinging
Batting: RHB Ugo Brandini 0-0: Called Strike
0-1: Ball
1-1: Ball
2-1: Foul Ball, location: 2F
2-2: Foul Ball, location: 2F
2-2: Foul Ball, location: 2F
2-2: Ball
3-2: SINGLE (Groundball, 56D)
Don MacNeilage to second
Don MacNeilage to third
Batting: RHB Archie Green 0-0: Foul Ball, location: 2F
0-1: Called Strike
0-2: Strikes out swinging
Top of the 9th over - 0 run(s), 2 hit(s), 0 error(s), 2 left on base; Salt Lake City 13 - Tortolita 3
BOTTOM OF THE 9TH
Tortolita Drummers batting - Pitching for Salt Lake City Buzz : RHP Javier Díaz
Batting: LHB Pat McJannett 0-0: Called Strike
0-1: Ball
1-1: Called Strike
1-2: Foul Ball, location: 2F
1-2: Ball
2-2: Strikes out swinging
Batting: RHB Richard Ollivier 0-0: Ground out 1-3 (Groundball, 25)
Batting: RHB Hunter Curtis 0-0: Ball
1-0: Called Strike
1-1: Fly out, F8 (Flyball, 8LS)
Bottom of the 9th over - 0 run(s), 0 hit(s), 0 error(s), 0 left on base; Salt Lake City 13 - Tortolita 3
This league is powered by Out of the Park Baseball, the baseball management simulation game for PC, Mac and Linux
Saturday, July 25th, 2015 - OOTP Baseball 15.6 Build 34